Match 42632974
Unlisted

Match 42632974
End
Kradschützen Motorcycle Team
Panzerpioneer Squad
Panzerpioneer Squad
Panzerpioneer Squad
Construct Light Support Kompanie
MG34 Team
Fire Support Elements
Pak 38 Anti-tank Gun Team
le.IG 18 Mechanized Group
2.5-tonne Medical Truck
Selects Panzerjäger Kommand Battlegroup
Selects Mine Fields
Selects Defensive Positions
Construct Panzerarmee Kommand
Assault Mechanized Group
Combat Half-tracks
Selects Butterfly Bomb Drop
FrancoBruniano
Nuts
Nashorn101
-=Wings=-
Mansonfreakss
Mercenary
0
0

Comments sign in to comment!

No comments posted yet!